 Dungeon Crawl Stone Soup version 0.31-a0-152-g6aa68a64a1 (webtiles) character file.

Game seed: 17258257835386340363

22 qw the Shooter (level 2, 0/26 HPs)
             Began as a Naga Hunter on June 11, 2023.
             Killed from afar by Sigmund (5 damage)
             ... with a puff of flame
             ... on level 1 of the Dungeon.
             The game lasted 00:00:14 (696 turns).

qw the Shooter (Naga Hunter)                         Turns: 696, Time: 00:00:14

Health: 0/26       AC:  3    Str: 13    XL:     2   Next: 91%
Magic:  2/2        EV:  9    Int:  9    God:
Gold:   57         SH:  0    Dex: 14    Spells: 1/1 levels left

rFire   . . .        Y - +0 shortbow
rCold   . . .        (shield currently unavailable)
rNeg    . . .        c - +0 leather armour
rPois   +            (no helmet)
rElec   .            d - +0 cloak
rCorr   .            (no gloves)
SInv    +            (no barding)
Will    .....        (no amulet)
Stlth   ++           (no ring)
HPRegen 0.24/turn    (no ring)
MPRegen 0.08/turn

%: no passive effects
@: very slow
A: AC +0, large, see invisible, deformed body, poison resistance, slowness 2,
spit poison 1, naga tail 1
a: Spit Poison


You were on level 1 of the Dungeon.
You visited 1 branch of the dungeon, and saw 2 of its levels.

You collected 57 gold pieces.


Innate Abilities, Weirdness & Mutations

Your serpentine skin is tough. (AC +0)
You have supernaturally acute eyesight. (SInv)
Armour fits poorly on your strangely shaped body.
Your system is resistant to poisons. (rPois)
You cover ground very slowly.
You can spit poison.
You have a snake-like lower body.


   Skills:
 - Level 2.0 Fighting
 + Level 4.4 Ranged Weapons
 - Level 1.5 Dodging
 - Level 1.5 Stealth


You had one spell level left.
You didn't know any spells.
Your spell library was empty.

Inventory:

Hand Weapons
 Y - a +0 shortbow (weapon)
Armour
 c - a +0 leather armour (worn)
 d - a +0 cloak (worn)

Dungeon Overview and Level Annotations

Branches:
Dungeon (2/15)

Altars:

Annotations:
D:1 Sigmund


Message History

Sigmund is heavily wounded.
Sigmund hits you with a +1 scythe of protection.
You shoot an arrow. The arrow closely misses Sigmund.
Sigmund hits you with a +1 scythe of protection.
You shoot an arrow.
The arrow hits Sigmund but does no damage.
Sigmund is heavily wounded.
You have got your breath back.
Sigmund hits you with a +1 scythe of protection!
685 ||| INVOKING Spit Poison.
Aiming: Spit Poison (2% risk of failure)
Press: ? - help, Shift-Dir - straight line, f/p - Sigmund The splash of poison misses Sigmund.
You shoot an arrow. The arrow completely misses Sigmund.
Sigmund hits you but does no damage.
You shoot an arrow. The arrow barely misses Sigmund.
Sigmund hits you with a +1 scythe of protection!
You shoot an arrow. The arrow closely misses Sigmund.
You have got your breath back.
Sigmund gestures at you while chanting. You resist with significant effort.
689 ||| INVOKING Spit Poison.
Aiming: Spit Poison (2% risk of failure)
Press: ? - help, Shift-Dir - straight line, f/p - Sigmund The splash of poison hits Sigmund but does no damage.
Sigmund is poisoned.
Sigmund is heavily wounded.
Sigmund casts a spell at you.
You are confused.
Sigmund barely misses you.
You have got your breath back.
Sigmund barely misses you.
Sigmund hits you with a +1 scythe of protection.
Sigmund looks more healthy.
Sigmund gestures at you while chanting. You resist with significant effort.
You feel less confused. Sigmund casts a spell at you.
The puff of flame hits you.
You die...

.# .# ######################## .#
#..................:....
.#########.##############.#.#####
.........).###......# #.#.#
..:.#######.......#.# #.#.# ###.#
#.......#.#####.#.#
#.#######....@..#.......#.#
#..........>..@.#########.#####
#########.......# #......
#.......# ####### #.......#
#########


You could see Sigmund (invisible).

Vanquished Creatures
  A gnoll (D:1)
  A ball python (D:1)
  2 bats (D:1)
  An endoplasm (D:1)
  A giant cockroach (D:1)
  A hobgoblin (D:1)
  A kobold (D:1)
  A quokka (D:1)
  2 frilled lizards (D:1)
  A rat (D:1)
12 creatures vanquished.

Notes
Turn   | Place    | Note
-------+----------+-------------------------------------------
     0 | D:1      | qw the Naga Hunter began the quest for the Orb.
     0 | D:1      | Reached XP level 1. HP: 19/19 MP: 1/1
     0 | D:1      | 0 ||| qw: Version: 0.2-a-29-g99eb96e
     0 | D:1      | 0 ||| qw: Game counter: 4097
     0 | D:1      | 0 ||| qw: Always use a shield: true
     0 | D:1      | 0 ||| qw: God list: Okawaru
     0 | D:1      | 0 ||| qw: Allow faded altars: false
     0 | D:1      | 0 ||| qw: Do Orc after D:15 true
     0 | D:1      | 0 ||| qw: Do second Lair branch before Depths: true
     0 | D:1      | 0 ||| qw: Lair rune preference: random
     0 | D:1      | 0 ||| qw: Plans: Normal
     0 | D:1      | 0 ||| PLANNING D:1-11
   112 | D:1      | 112 ||| INVOKING Spit Poison.
   167 | D:1      | 167 ||| INVOKING Spit Poison.
   173 | D:1      | Reached skill level 4 in Ranged Weapons
   173 | D:1      | Reached XP level 2. HP: 13/26 MP: 2/2
   264 | D:1      | 264 ||| INVOKING Spit Poison.
   297 | D:1      | 297 ||| INVOKING Spit Poison.
   337 | D:1      | 337 ||| INVOKING Spit Poison.
   342 | D:1      | 342 ||| INVOKING Spit Poison.
   439 | D:1      | 439 ||| INVOKING Spit Poison.
   549 | D:1      | 549 ||| INVOKING Spit Poison.
   554 | D:1      | 554 ||| INVOKING Spit Poison.
   623 | D:1      | 623 ||| UPGRADING to +0 cloak.
   628 | D:1      | 628 ||| READING scroll labelled BORGHA WULE.
   632 | D:1      | 632 ||| READING scroll labelled QOIFUCSA VEPABETT.
   633 | D:1      | 633 ||| DRINKING 2 fuming brown potions.
   634 | D:1      | 634 ||| DROPPING scroll of butterflies.
   635 | D:1      | 635 ||| DROPPING potion of attraction.
   673 | D:2      | Noticed Sigmund
   674 | D:2      | 674 ||| INVOKING Spit Poison.
   676 | D:2      | 676 ||| STAIRDANCE
   679 | D:1      | 679 ||| INVOKING Spit Poison.
   685 | D:1      | 685 ||| INVOKING Spit Poison.
   687 | D:1      | HP: 5/26 [Sigmund/+1 scythe of protection (7)]
   689 | D:1      | 689 ||| INVOKING Spit Poison.
   693 | D:1      | HP: 4/26 [Sigmund/+1 scythe of protection (2)]
   696 | D:1      | Killed from afar by Sigmund

Levels and vault maps discovered:
D:1:      minmay_arrival_four_loops, layout_loops_ring
D:2:      layout_rooms, minmay_misc_feat_plants, uniq_sigmund, uniq_jessica

Skill      XL: |  1 |
---------------+----+-----
Ranged Weapons | 4 |  4.4
Fighting       | |  2.0
Dodging        | |  1.5
Stealth        | |  1.5

Action                     || total
---------------------------++-------
   Fire: Shortbow          ||    35
Ability: Spit Poison       ||    13
    Use: Scroll            ||     2
         Potion            ||     1
 Armour: Leather armour    ||     2
  Dodge: Dodged            ||    12

Table legend:
 A = Non-vault XP
 B = Vault XP
 C = Vault XP percentage of total XP
 D = Non-vault monster count
 E = Vault monster count
 F = Vault count percentage of total count
                 A         B        C        D         E       F
            +---------+---------+-------+---------+---------+-------
      Total |      32 |       0 |   0.0 |      12 |       0 |   0.0
            +---------+---------+-------+---------+---------+-------
        D:1 |      32 |       0 |   0.0 |      12 |       0 |   0.0
            +---------+---------+-------+---------+---------+-------
